 Dungeon Crawl Stone Soup version 0.30-a0-777-ga9a30cbeda (webtiles) character file.

Game seed: 15952379496081885248

215 dialectric the Slasher (level 5, -1/33 HPs)
             Began as a Gargoyle Fighter on Feb 14, 2023.
             Slain by Duvessa
             ... wielding a +0 short sword
              (6 damage)
             ... on level 3 of the Dungeon.
             The game lasted 00:02:23 (2486 turns).

dialectric the Slasher (Gargoyle Fighter)           Turns: 2486, Time: 00:02:24

Health: -1/33      AC: 12    Str: 18 (21) XL:     5   Next: 92%
Magic:  5/5        EV:  9    Int:  6 (9)  God:
Gold:   180        SH:  0    Dex:  7 (9)  Spells: 4/4 levels left

rFire   . . .      SeeInvis .    a - +0 long sword
rCold   . . .      Faith    .    (no shield)
rNeg    + . .      Spirit   .    b - +0 scale mail
rPois   ∞          Reflect  .    (no helmet)
rElec   +          Harm     .    (no cloak)
rCorr   .          Rampage  .    (no gloves)
Will    .....                    (no boots) Stlth
                                 (no amulet)
HPRegen 0.25/turn                (no ring)
MPRegen 0.09/turn                (no ring)

@: mighty
A: sickness immunity, AC +4, negative energy resistance 1, electricity
resistance, torment resistance 1, petrification resistance, shaggy fur 1
a: no special abilities


You were on level 3 of the Dungeon.
You visited 1 branch of the dungeon, and saw 4 of its levels.

You collected 180 gold pieces.

Inventory:

Hand Weapons
 a - a +0 long sword (weapon)
Armour
 b - a +0 scale mail (worn)
 c - a +0 buckler
 o - a +0 chain mail
Jewellery
 s - a +4 ring of protection
Scrolls
 i - a scroll of fear {unknown}
 k - a scroll of poison {unknown}
 m - a scroll of identify
 n - a scroll of noise {unknown}
 p - a scroll of enchant armour {unknown}
 q - a scroll of blinking {unknown}
 t - a scroll of vulnerability {unknown}
Potions
 d - a potion of might
 e - a potion of mutation
 f - a potion of degeneration
 g - a potion of berserk rage {unknown}
 h - a potion of resistance
 j - a potion of curing {unknown}
 l - a potion of attraction {unknown}
 r - a potion of heal wounds {unknown}
 u - a potion of haste {unknown}
 v - a potion of brilliance {unknown}


   Skills:
 + Level 3.8 Fighting
 * Level 4.6 Long Blades
 + Level 3.8 Armour
 + Level 1.0 Dodging
 - Level 3.2 Shields


You had 4 spell levels left.
You didn't know any spells.
Your spell library contained the following spells:

 Spells                   Type           Power      Damage    Failure   Level
 Olgreb's Toxic Radiance  Pois           0%         N/A       100%        4
 Ozocubu's Refrigeration  Ice            0%         4d7       100%        7
 Ignition                 Fire           0%         3d3       100%        8


Dungeon Overview and Level Annotations

Branches:
Dungeon (4/15)
 Temple: D:4-7

Altars:
Xom

Annotations:
D:3 Dowan, Duvessa


Innate Abilities, Weirdness & Mutations

You are immune to sickness and miasma.
Your stone body is resilient. (AC +4)
You are immune to poison.
You resist negative energy. (rN+)
You are resistant to electric shocks. (rElec)
You are resistant to unholy torment.
You are immune to petrification.
You are covered in fur. (AC +1)


Message History

Unknown command.
You start resting.
HP restored.
As you read the scroll labelled XOUWIOL CIORI, it crumbles to dust.
It is a scroll of identify.
h - a potion of resistance Unknown command.
You climb downwards.
Level annotation: Dowan, Duvessa Duvessa hits you with a +0 short sword!
Duvessa hits you but does no damage.
There is a stone staircase leading up here.
You closely miss Duvessa. Duvessa hits you but does no damage.
You closely miss Duvessa. Duvessa hits you with a +0 short sword.
You hit Duvessa.
Duvessa is lightly wounded.
Duvessa closely misses you. Dowan closely misses you.
Duvessa closely misses you. Dowan hits you but does no damage.
You climb upwards.
There is a stone staircase leading down here.
Unknown command.
You feel very mighty all of a sudden. Duvessa hits you with a +0 short sword!
Dowan casts a spell at you. The puff of flame hits you!
* * * LOW HITPOINT WARNING * * *
You hit Duvessa but do no damage.
Duvessa is lightly wounded.
Duvessa hits you with a +0 short sword.
* * * LOW HITPOINT WARNING * * *
Dowan barely misses you.
Unknown command.
It was a potion of degeneration.
There was something very wrong with that liquid.
You feel weakened.
You feel dopey.
You feel clumsy. Duvessa barely misses you. Dowan hits you but does no damage.
Unknown command.
It was a potion of mutation.
You feel extremely strange. Fur sprouts all over your body.
Duvessa hits you with a +0 short sword.
You die...

#############
#...........#
##########.#########.#
#.............# #.#
#.######e#..#.# #.#
#.# #@#..#.######.####
#.#
##e#..#............
#.#
#.......######.....
#.# #.......# ######
#.# #.......# #
####.#####.......#####
#
#....................#
#
#.####.#.#.......###.#
### #.#
#.#.#.......###.# #..


You could see Duvessa and Dowan.

Vanquished Creatures
  A scorpion (D:3)
  A jelly (D:3)
  Natasha (D:1)
  5 adders
  A dart slug (D:2)
  4 ball pythons
  7 bats
  6 endoplasms
  7 goblins
  5 hobgoblins
  4 jackals (D:1)
  A quokka (D:2)
  A frilled lizard (D:1)
  2 kobolds
  6 rats
52 creatures vanquished.

Notes
Turn   | Place    | Note
-------+----------+-------------------------------------------
     0 | D:1      | dialectric the Gargoyle Fighter began the quest for the
                  | Orb.
     0 | D:1      | Reached XP level 1. HP: 14/14 MP: 1/1
    72 | D:1      | Reached skill level 2 in Long Blades
   169 | D:1      | Reached XP level 2. HP: 18/19 MP: 2/2
   766 | D:1      | Reached XP level 3. HP: 21/23 MP: 3/3
   964 | D:2      | Reached skill level 3 in Long Blades
  1185 | D:2      | Found a shimmering altar of Xom.
  1254 | D:2      | Reached XP level 4. HP: 28/28 MP: 4/4
  1258 | D:2      | Noticed Natasha
  1297 | D:1      | Killed Natasha
  1760 | D:3      | Noticed a scorpion
  1775 | D:3      | Killed a scorpion
  1776 | D:3      | Reached skill level 4 in Long Blades
  1776 | D:3      | Reached XP level 5. HP: 29/33 MP: 5/5
  2024 | D:3      | Reached skill level 1 in Dodging
  2360 | D:4      | Noticed Dowan
  2361 | D:4      | Noticed Duvessa
  2486 | D:3      | Gained mutation: You are covered in fur. (AC +1) [potion of
                  | mutation]
  2486 | D:3      | Slain by Duvessa

Illustrated notes

Levels and vault maps discovered:
D:1:      lightli_arrival_lavapool, layout_loops_corners, moated_statue
D:2:      layout_basic, basic_altar, uniq_natasha
D:3:      layout_loops_ring
D:4:      layout_basic, mainiacjoe_overflow_24_doors, minmay_checkerbox,
          uniq_duvessa, uniq_robin

Skill      XL: |  1  2  3  4  5 |
---------------+----------------+-----
Long Blades    | 2 3 4 |  4.6
Dodging        | 1 |  1.0
Fighting       | |  3.8
Armour         | |  3.8
Shields        | |  3.2

Action                     |  1- 3 |  4- 6 || total
---------------------------+-------+-------++-------
  Melee: Long sword        |   103 |   108 ||   211
    Use: Potion            |       |     3 ||     3
         Scroll            |       |     1 ||     1
 Armour: Scale mail        |    73 |    68 ||   141
  Dodge: Dodged            |    55 |    71 ||   126

Table legend: (Time is in decaauts)
 A = Elapsed time spent in this place.
 B = Non-inter-level travel time spent in this place.
 C = Inter-level travel time spent in this place.
 D = Time resting spent in this place.
 E = Time spent auto-exploring this place.
 F = Levels seen in this place.
 G = Mean time per level.
                   A        B        C        D        E       F      G
               +--------+--------+--------+--------+--------+-----+--------+
         Total |   2548 |   2507 |     41 |    173 |   1831 |   4 |  637.0 |
       Dungeon |   2548 |   2507 |     41 |    173 |   1831 |   4 |  637.0 |
               +--------+--------+--------+--------+--------+-----+--------+

Top non-repeatable levels by time:
     D:1: 982 daAuts
     D:2: 749 daAuts
     D:3: 725 daAuts
     D:4: 91 daAuts
